IL
FRESNO GRIZZLIES @ TOLEDO MUD HENS
06/19/2048
 
TOP OF THE 1ST
Fresno Grizzlies batting - Pitching for Toledo Mud Hens : RHP Ruben Arana
Pitching: RHP Ruben Arana
Batting: SHB Bryan Johnston 0-0: Ball
1-0: Fly out, F7 (Flyball, 7LS, EV 78.1 MPH)
Batting: LHB Mark Dearth 0-0: Foul Ball, location: 2F
0-1: Foul Ball, location: 2F
0-2: Fly out, F5 (Line Drive, 5, EV 70.6 MPH)
Batting: RHB Elijah Hunter 0-0: Ball
1-0: Foul Ball, location: 2F
1-1: Ball
2-1: Called Strike
2-2: Foul Ball, location: 2F
2-2: Fly out, F7 (Line Drive, 7S, EV 90.6 MPH)
Top of the 1st over - 0 runs, 0 hits, 0 errors, 0 left on base; Fresno 0 - Toledo 0
BOTTOM OF THE 1ST
Toledo Mud Hens batting - Pitching for Fresno Grizzlies : RHP Kyle McPeak
Pitching: RHP Kyle McPeak
Batting: RHB Brandon O'Malley 0-0: Called Strike
0-1: Ball
1-1: Ball
2-1: Fly out, F8 (Line Drive, 8LD, EV 93.8 MPH)
Batting: RHB J.J. Basil 0-0: Called Strike
0-1: Ball
1-1: Foul Ball, location: 2F
1-2: Ground out 5-3 (Groundball, 56S, EV 85.6 MPH)
Batting: LHB Bill Ford 0-0: Ball
1-0: Called Strike
1-1: Fly out, F9 (Flyball, 9, EV 84.4 MPH)
Bottom of the 1st over - 0 runs, 0 hits, 0 errors, 0 left on base; Fresno 0 - Toledo 0
TOP OF THE 2ND
Fresno Grizzlies batting - Pitching for Toledo Mud Hens : RHP Ruben Arana
Batting: LHB Angelo Vasquez 0-0: Ball
1-0: Swinging Strike
1-1: Swinging Strike
1-2: Strikes out swinging
Batting: SHB Paskar Adegoke 0-0: Ground out 4-3 (Groundball, 34D, EV 102.5 MPH)
Batting: SHB Troy Kenyon 0-0: Ball
1-0: Foul Ball, location: 2F
1-1: Fly out, F6 (Popup, 6D, EV 52.5 MPH)
Top of the 2nd over - 0 runs, 0 hits, 0 errors, 0 left on base; Fresno 0 - Toledo 0
BOTTOM OF THE 2ND
Toledo Mud Hens batting - Pitching for Fresno Grizzlies : RHP Kyle McPeak
Batting: LHB Jon Frederick 0-0: Ground out U3 (Groundball, 3, EV 88.1 MPH)
Batting: RHB Dan Becvar 0-0: Called Strike
0-1: SINGLE (Groundball, 6MD, EV 101.9 MPH)
Batting: RHB Jamie Villagrana 0-0: Ball
1-0: Foul Ball, location: 2F
1-1: Called Strike
1-2: Foul Ball, location: 2F
1-2: Fielders Choice at 2nd, 4-6 (Groundball, 13, EV 90.6 MPH)
Batting: RHB Joel Miller 0-0: Foul Ball, location: 2F
0-1: Fielders Choice at 2nd, U4 (Groundball, 4M, EV 85.0 MPH)
Bottom of the 2nd over - 0 runs, 1 hit, 0 errors, 1 left on base; Fresno 0 - Toledo 0
TOP OF THE 3RD
Fresno Grizzlies batting - Pitching for Toledo Mud Hens : RHP Ruben Arana
Batting: RHB Marty King 0-0: Ball
1-0: SINGLE (Line Drive, 9S, EV 106.2 MPH)
Batting: RHB Nick Deegan 0-0: Ball
1-0: Ball
2-0: Called Strike
2-1: Ball
3-1: Base on Balls
Marty King to second
Batting: RHB Dale Young 0-0: Ball
1-0: Foul Ball, location: 2F
1-1: Called Strike
1-2: Ball
2-2: Foul Ball, location: 2F
2-2: Strikes out swinging
Batting: SHB Bryan Johnston 0-0: Foul Ball, location: 2F
0-1: Called Strike
0-2: Foul Ball, location: 2F
0-2: Ball
1-2: Foul Ball, location: 2F
1-2: Strikes out swinging
Batting: LHB Mark Dearth 0-0: Ball
1-0: Ball
2-0: Foul Ball, location: 2F
2-1: Ball
3-1: Base on Balls
Marty King to third
Nick Deegan to second
Batting: RHB Elijah Hunter 0-0: Ball
1-0: Ball
2-0: Foul Ball, location: 2F
2-1: Foul Ball, location: 2F
2-2: Ball
3-2: Strikes out looking
Top of the 3rd over - 0 runs, 1 hit, 0 errors, 3 left on base; Fresno 0 - Toledo 0
BOTTOM OF THE 3RD
Toledo Mud Hens batting - Pitching for Fresno Grizzlies : RHP Kyle McPeak
Batting: SHB Chris Wagler 0-0: Foul Ball, location: 2F
0-1: Ball
1-1: Ball
2-1: Ball
3-1: SINGLE (Groundball, 4D, EV 95.0 MPH)
Batting: RHB Keith Hoffman 0-0: Ball
1-0: Fly out, F8 (Line Drive, 89M, EV 97.5 MPH)
Batting: RHB Brandon O'Malley 0-0: Ball
1-0: Ground out 5-3 (Groundball, 56, EV 105.6 MPH)
Chris Wagler to second
Batting: RHB J.J. Basil 0-0: Ground out 6-3 (Groundball, 6, EV 90.6 MPH)
Bottom of the 3rd over - 0 runs, 1 hit, 0 errors, 1 left on base; Fresno 0 - Toledo 0
TOP OF THE 4TH
Fresno Grizzlies batting - Pitching for Toledo Mud Hens : RHP Ruben Arana
Batting: LHB Angelo Vasquez 0-0: Foul Ball, location: 2F
0-1: Ball
1-1: Fly out, F7 (Flyball, 7, EV 90.0 MPH)
Batting: SHB Paskar Adegoke 0-0: Ball
1-0: Ball
2-0: Ball
3-0: Foul Ball, location: 2F
3-1: Fly out, F7 (Flyball, 7S, EV 77.5 MPH)
Batting: SHB Troy Kenyon 0-0: Called Strike
0-1: Ball
1-1: Foul Ball, location: 2F
1-2: Foul Ball, location: 2F
1-2: Ball
2-2: SINGLE (Groundball, 34D, EV 98.8 MPH)
Batting: RHB Marty King 0-0: Ball
1-0: Ball
2-0: Ball
3-0: Base on Balls
Troy Kenyon to second
Batting: RHB Nick Deegan 0-0: Called Strike
0-1: Ball
1-1: Ground out U3 (Groundball, 3, EV 83.8 MPH)
Top of the 4th over - 0 runs, 1 hit, 0 errors, 2 left on base; Fresno 0 - Toledo 0
BOTTOM OF THE 4TH
Toledo Mud Hens batting - Pitching for Fresno Grizzlies : RHP Kyle McPeak
Batting: LHB Bill Ford 0-0: Called Strike
0-1: Foul Ball, location: 2F
0-2: Foul Ball, location: 2F
0-2: Fly out, F8 (Line Drive, 8LM, EV 88.8 MPH)
Batting: LHB Jon Frederick 0-0: Called Strike
0-1: Called Strike
0-2: Ball
1-2: Foul Ball, location: 2F
1-2: Ball
2-2: Ball
3-2: Ground out 1-3 (Groundball, 13S, EV 68.8 MPH)
Batting: RHB Dan Becvar 0-0: Ball
1-0: Foul Ball, location: 2F
1-1: Swinging Strike
1-2: Strikes out swinging
Bottom of the 4th over - 0 runs, 0 hits, 0 errors, 0 left on base; Fresno 0 - Toledo 0
TOP OF THE 5TH
Fresno Grizzlies batting - Pitching for Toledo Mud Hens : RHP Ruben Arana
Batting: RHB Dale Young 0-0: Ball
1-0: Ball
2-0: Ball
3-0: Base on Balls
Batting: SHB Bryan Johnston 0-0: Ball
1-0: Swinging Strike
1-1: Called Strike
1-2: Strikes out swinging
Batting: LHB Mark Dearth 0-0: Ball
Dale Young steals 2nd base
1-0: Swinging Strike
1-1: Ball
2-1: Foul Ball, location: 2F
2-2: Strikes out swinging
Batting: RHB Elijah Hunter 0-0: Called Strike
0-1: Swinging Strike
0-2: Strikes out swinging
Top of the 5th over - 0 runs, 0 hits, 0 errors, 1 left on base; Fresno 0 - Toledo 0
BOTTOM OF THE 5TH
Toledo Mud Hens batting - Pitching for Fresno Grizzlies : RHP Kyle McPeak
Batting: RHB Jamie Villagrana 0-0: Ball
1-0: Foul Ball, location: 2F
1-1: SOLO HOME RUN (Flyball, 7D, EV 91.9 MPH), Distance : 354 ft
Batting: RHB Joel Miller 0-0: Ground out 1-3 (Groundball, 34S, EV 61.9 MPH)
Batting: SHB Chris Wagler 0-0: Called Strike
0-1: Ball
1-1: Called Strike
1-2: Ball
2-2: Strikes out looking
Batting: RHB Keith Hoffman 0-0: Ball
1-0: Ball
2-0: Ball
3-0: Called Strike
3-1: Base on Balls
Batting: RHB Brandon O'Malley 0-0: Foul Ball, location: 2F
0-1: Ball
1-1: Ball
2-1: Called Strike
2-2: Strikes out looking
Bottom of the 5th over - 1 run, 1 hit, 0 errors, 1 left on base; Fresno 0 - Toledo 1
TOP OF THE 6TH
Fresno Grizzlies batting - Pitching for Toledo Mud Hens : RHP Ruben Arana
Batting: LHB Angelo Vasquez 0-0: Called Strike
0-1: Ball
1-1: Ball
2-1: Foul Ball, location: 2F
2-2: Ball
3-2: Base on Balls
Batting: SHB Paskar Adegoke 0-0: Called Strike
0-1: Ball
1-1: Ball
2-1: Ball
3-1: Called Strike
3-2: Base on Balls
Angelo Vasquez to second
Batting: SHB Troy Kenyon 0-0: Ball
1-0: Swinging Strike
1-1: SINGLE (Groundball, 3D, EV 105.0 MPH)
Angelo Vasquez to third
Paskar Adegoke to second
Batting: RHB Marty King 0-0: Called Strike
0-1: Ball
1-1: Swinging Strike
1-2: SINGLE (Line Drive, 89M, EV 103.1 MPH)
Angelo Vasquez scores
Paskar Adegoke to third
Troy Kenyon to second
Pitching: RHP Roberto Benavides
Batting: RHB Nick Deegan 0-0: Ball
1-0: Ball
2-0: SINGLE (Groundball, 56D, EV 98.8 MPH)
Paskar Adegoke scores
Troy Kenyon to third
Marty King to second
Batting: RHB Dale Young 0-0: Foul Ball, location: 2F
0-1: Ball
1-1: Fly out, F8 (Flyball, 8RD, EV 90.6 MPH)
Batting: SHB Bryan Johnston 0-0: SINGLE (Groundball, 25, EV 65.6 MPH) (infield hit)
Troy Kenyon scores
Marty King to third
Nick Deegan to second
Batting: LHB Mark Dearth 0-0: Ball
1-0: Ball
2-0: Ball
3-0: Called Strike
3-1: Base on Balls
Marty King scores
Nick Deegan to third
Bryan Johnston to second
Batting: RHB Elijah Hunter 0-0: Ball
1-0: Ball
2-0: Called Strike
2-1: Ball
3-1: DOUBLE (Flyball, 89D, EV 109.4 MPH)
Nick Deegan scores
Bryan Johnston scores
Mark Dearth to third
Runner from 3rd tries for Home, throw by CF and OUT! 8-4-2
Elijah Hunter to third
Batting: LHB Angelo Vasquez 0-0: Ball
1-0: Foul Ball, location: 2F
1-1: Fly out, F8 (Flyball, 89XD, EV 95.0 MPH)
Top of the 6th over - 6 runs, 5 hits, 0 errors, 1 left on base; Fresno 6 - Toledo 1
BOTTOM OF THE 6TH
Toledo Mud Hens batting - Pitching for Fresno Grizzlies : RHP Kyle McPeak
Batting: RHB J.J. Basil 0-0: Ball
1-0: Swinging Strike
1-1: Swinging Strike
1-2: Strikes out looking
Batting: LHB Bill Ford 0-0: Swinging Strike
0-1: Ball
1-1: Called Strike
1-2: Foul Ball, location: 2F
1-2: Strikes out swinging
Batting: LHB Jon Frederick 0-0: Fly out, F5 (Popup, 56S, EV 78.8 MPH)
Bottom of the 6th over - 0 runs, 0 hits, 0 errors, 0 left on base; Fresno 6 - Toledo 1
TOP OF THE 7TH
Fresno Grizzlies batting - Pitching for Toledo Mud Hens : RHP Roberto Benavides
Batting: SHB Paskar Adegoke 0-0: Called Strike
0-1: Foul Ball, location: 2F
0-2: Strikes out looking
Batting: SHB Troy Kenyon 0-0: Ball
1-0: Foul Ball, location: 2F
1-1: Foul Ball, location: 2F
1-2: Ball
2-2: SINGLE (Line Drive, 6D, EV 102.5 MPH)
Batting: RHB Marty King 0-0: Ball
1-0: Ball
2-0: Fielders Choice at 2nd, 4-6 (Groundball, 4, EV 76.2 MPH)
Batting: RHB Nick Deegan 0-0: Called Strike
0-1: Ball
1-1: Ball
2-1: Called Strike
2-2: Ball
3-2: Ground out 6-3 (Groundball, 6, EV 81.2 MPH)
Top of the 7th over - 0 runs, 1 hit, 0 errors, 1 left on base; Fresno 6 - Toledo 1
BOTTOM OF THE 7TH
Toledo Mud Hens batting - Pitching for Fresno Grizzlies : RHP Kyle McPeak
Batting: RHB Dan Becvar 0-0: SOLO HOME RUN (Flyball, 78XD, EV 103.1 MPH), Distance : 387 ft
Batting: RHB Jamie Villagrana 0-0: SINGLE (Line Drive, 89S, EV 110.0 MPH)
Batting: RHB Joel Miller 0-0: Called Strike
0-1: Fielders Choice at 2nd, 5-4 (Groundball, 56, EV 78.8 MPH)
Batting: SHB Chris Wagler 0-0: Foul Ball, location: 2F
0-1: Ball
1-1: Ball
2-1: Foul Ball, location: 2F
2-2: Fielders Choice at 2nd, 3-6 (Groundball, 34, EV 83.8 MPH)
Batting: RHB Keith Hoffman 0-0: Ball
1-0: Swinging Strike
1-1: Ground out 1-3 (Groundball, 13S, EV 68.1 MPH)
Bottom of the 7th over - 1 run, 2 hits, 0 errors, 1 left on base; Fresno 6 - Toledo 2
TOP OF THE 8TH
Fresno Grizzlies batting - Pitching for Toledo Mud Hens : RHP Roberto Benavides
Pitching: RHP Jason Mucci
Batting: RHB Dale Young 0-0: Called Strike
0-1: Ball
1-1: Called Strike
1-2: Strikes out swinging, 2-3 out at first.
Batting: SHB Bryan Johnston 0-0: Ball
1-0: Foul Ball, location: 2F
1-1: Ball
2-1: Swinging Strike
2-2: Foul Ball, location: 2F
2-2: Ball
3-2: Strikes out looking
Batting: LHB Mark Dearth 0-0: Called Strike
0-1: Ball
1-1: DOUBLE (Groundball, 3L, EV 102.5 MPH)
Batting: RHB Elijah Hunter 0-0: Foul Ball, location: 2F
0-1: Foul Ball, location: 2F
0-2: Ball
1-2: Foul Ball, location: 2F
1-2: Ball
2-2: Ball
3-2: Foul Ball, location: 2F
3-2: Base on Balls
Batting: LHB Angelo Vasquez 0-0: Called Strike
0-1: Swinging Strike
0-2: Strikes out swinging
Top of the 8th over - 0 runs, 1 hit, 0 errors, 2 left on base; Fresno 6 - Toledo 2
BOTTOM OF THE 8TH
Toledo Mud Hens batting - Pitching for Fresno Grizzlies : RHP Kyle McPeak
Pitching: RHP Bobby Leija
Batting: RHB Brandon O'Malley 0-0: Ball
1-0: Ground out U3 (Groundball, 34, EV 101.9 MPH)
Batting: RHB J.J. Basil 0-0: Ball
1-0: Called Strike
1-1: Ball
2-1: Ball
3-1: Base on Balls
Batting: LHB Bill Ford 0-0: Ball
1-0: Fly out, F8 (Flyball, 8LD, EV 81.2 MPH)
Batting: LHB Jon Frederick 0-0: Ball
1-0: Foul Ball, location: 2F
1-1: Ball
2-1: Ball
3-1: Foul Ball, location: 2F
3-2: Foul Ball, location: 2F
3-2: Base on Balls
J.J. Basil to second
Batting: RHB Dan Becvar 0-0: Called Strike
0-1: Foul Ball, location: 2F
0-2: Strikes out swinging
Bottom of the 8th over - 0 runs, 0 hits, 0 errors, 2 left on base; Fresno 6 - Toledo 2
TOP OF THE 9TH
Fresno Grizzlies batting - Pitching for Toledo Mud Hens : RHP Jason Mucci
Batting: SHB Paskar Adegoke 0-0: Foul Ball, location: 2F
0-1: Ball
1-1: Ball
2-1: Foul Ball, location: 2F
2-2: Ground out 4-3 (Groundball, 34D, EV 98.8 MPH)
Batting: SHB Troy Kenyon 0-0: Called Strike
0-1: Ground out 5-3 (Groundball, 5L, EV 97.5 MPH)
Batting: RHB Marty King 0-0: Ball
1-0: Ball
2-0: Called Strike
2-1: Ball
3-1: Base on Balls
Batting: RHB Nick Deegan 0-0: Called Strike
0-1: SINGLE (Groundball, 6S, EV 64.4 MPH) (infield hit)
Marty King to second
Batting: RHB Dale Young 0-0: Ball
1-0: Ball
2-0: Foul Ball, location: 2F
2-1: Fly out, F9 (Flyball, 9, EV 97.5 MPH)
Top of the 9th over - 0 runs, 1 hit, 0 errors, 2 left on base; Fresno 6 - Toledo 2
BOTTOM OF THE 9TH
Toledo Mud Hens batting - Pitching for Fresno Grizzlies : RHP Bobby Leija
Pitching: RHP Jordan Tejeda
Batting: RHB Jamie Villagrana 0-0: Swinging Strike
0-1: Ball
1-1: Ball
2-1: Ball
3-1: SINGLE (Flyball, 34D, EV 88.8 MPH)
Batting: RHB Joel Miller 0-0: Foul Ball, location: 2F
0-1: Ball
1-1: Ball
2-1: Foul Ball, location: 2F
2-2: Fielders Choice at 2nd, 6-4 (Groundball, 56, EV 84.4 MPH)
Batting: SHB Chris Wagler 0-0: Called Strike
0-1: Fielders Choice at 2nd, 3-6 (Groundball, 3, EV 90.6 MPH)
Batting: RHB Keith Hoffman 0-0: Called Strike
0-1: Ground out 5-3 (Groundball, 25, EV 83.1 MPH)
Bottom of the 9th over - 0 runs, 1 hit, 0 errors, 1 left on base; Fresno 6 - Toledo 2
Tuesday, March 28th , 2023 - OOTP Baseball 23.10 Build 110